 Dungeon Crawl Stone Soup version 0.27-a0-828-g8289197e94 (webtiles) character file.

Game seed: 17731524601809927756

1 snetch the Chopper (level 1, 0/20 HPs)
             Began as a Hill Orc Monk on Mar 30, 2021.
             Slain by a hobgoblin (6 damage)
             ... on level 1 of the Dungeon.
             The game lasted 00:00:23 (76 turns).

snetch the Chopper (Hill Orc Monk)                    Turns: 76, Time: 00:00:24

Health: 0/20       AC:  2    Str: 13    XL:     1   Next: 20%
Magic:  1/1        EV: 12    Int: 10    God:
Gold:   34         SH:  0    Dex: 13    Spells: 0/0 levels left

rFire    . . .     SeeInvis .   a - +0 hand axe
rCold    . . .     Faith    .   (no shield)
rNeg     . . .     Spirit   .   b - +0 robe
rPois    .         Reflect  .   (no helmet)
rElec    .         Harm     .   (no cloak)
rCorr    .         Rampage  .   (no gloves)
Will     .....                  (no boots)
Stlth    ++........             (no amulet)
HPRegen  0.06/turn              (no ring)
MPRegen  0.07/turn              (no ring)

@: no status effects
A: no striking features
a: no special abilities


You were on level 1 of the Dungeon.
You visited 1 branch of the dungeon, and saw 2 of its levels.

You collected 34 gold pieces.

Inventory:

Hand Weapons
 a - a +0 hand axe (weapon)
Armour
 b - a +0 robe (worn)
 d - a +0 scale mail
Scrolls
 c - a scroll of vulnerability {unknown}


   Skills:
 + Level 3.6 Fighting
 + Level 4.0 Axes
 + Level 2.4 Dodging
 + Level 1.5 Stealth


You couldn't memorise any spells.
You didn't know any spells.
Your spell library was empty.

Dungeon Overview and Level Annotations

Branches:
Dungeon (2/15)

Altars:


Message History

The hobgoblin is almost dead.
The hobgoblin misses you.
A hobgoblin comes into view.
You barely miss the hobgoblin.
The hobgoblin is almost dead.
The hobgoblin barely misses you.
A ball python comes into view.
The hobgoblin barely misses you. The hobgoblin barely misses you.
The hobgoblin shouts!
The hobgoblin misses you.
The hobgoblin throws a stone.
The stone misses you.
There is a stone staircase leading up here.
The hobgoblin hits you.
You climb upwards.
There is a stone staircase leading down here.
You hit the hobgoblin but do no damage. The hobgoblin hits you.
You hit the hobgoblin.
The hobgoblin is lightly wounded.
The hobgoblin closely misses you.
You hit the hobgoblin.
The hobgoblin is heavily wounded.
The hobgoblin barely misses you.
You closely miss the hobgoblin.
The hobgoblin is heavily wounded.
The hobgoblin hits you.
* * * LOW HITPOINT WARNING * * *
You barely miss the hobgoblin.
The hobgoblin is heavily wounded.
The hobgoblin closely misses you.
You closely miss the hobgoblin.
The hobgoblin is heavily wounded.
The hobgoblin hits you but does no damage.
You hit the hobgoblin but do no damage.
The hobgoblin is heavily wounded.
The hobgoblin barely misses you.
You hit the hobgoblin but do no damage.
The hobgoblin is heavily wounded.
The hobgoblin hits you.
You die...

# .. # ... .#..#
###....#
#@g..#.###..##..
#.#....#.....#..#
#.#.#≈≈≈≈≈≈≈≈≈≈.#
#.#.≈≈≈≈≈≈≈≈≈≈≈≈#.
#.#≈≈≈≈≈≈≈≈≈≈≈≈≈≈?
#.≈≈≈8≈≈≈≈≈≈≈≈8≈≈≈
#.≈≈≈≈≈≈≈≈≈≈≈≈≈≈≈≈
######.≈≈≈≈...≈≈≈≈≈≈≈≈≈
.?.......≈≈.≈≈≈.≈≈≈≈≈≈≈≈


You could see a hobgoblin.

Vanquished Creatures
  A hobgoblin (D:2)
1 creature vanquished.

Notes
Turn   | Place    | Note
-------+----------+-------------------------------------------
     0 | D:1      | snetch the Hill Orc Monk began the quest for the Orb.
     0 | D:1      | Reached XP level 1. HP: 19/19 MP: 1/1
    76 | D:1      | Slain by a hobgoblin

Illustrated notes

Levels and vault maps discovered:
D:1:      nzn_arrival_water_spiral, layout_loops_ring, grunt_decor_resistance,
          minmay_misc_feat_pillars, nrook_mini_vaults
D:2:      minmay_recursive_quarters, layout_rooms, lemuel_crystal_altar

Action                   || total
-------------------------++-------
Melee: Hand axe          ||    18
Armor: Robe              ||     2
Dodge: Dodged            ||    16

Table legend: (Time is in decaauts)
 A = Elapsed time spent in this place.
 B = Non-inter-level travel time spent in this place.
 C = Inter-level travel time spent in this place.
 D = Time resting spent in this place.
 E = Time spent auto-exploring this place.
 F = Levels seen in this place.
 G = Mean time per level.
                   A        B        C        D        E       F      G
               +--------+--------+--------+--------+--------+-----+--------+
         Total |     78 |     78 |      0 |      0 |      9 |   2 |   39.0 |
       Dungeon |     78 |     78 |      0 |      0 |      9 |   2 |   39.0 |
               +--------+--------+--------+--------+--------+-----+--------+

Top non-repeatable levels by time:
     D:2: 48 daAuts
     D:1: 30 daAuts
